Map: Orbital Shipyard (3.1.0 Balance v1.1)

Players

Zucreelo - Winner!

  • Race: Zerg Zerg

xSlayer

  • Race: Protoss Protoss

VOD

Have the link to the VOD?

Description

Time

  • Played on: Dec. 27, 2015, 4:58 a.m.
  • Length: 13:38
Show
View Real Time Build Order
Export as new Build Order

Zucreelo Zerg - Winner!

Build Orders: Hatch First 

Get SALT Encoding   

  12  0:01  Drone  
  13  0:09  Drone  
  14  0:17  Overlord  
  14  0:42  Hatchery  
  13  0:48  Drone  
  13  0:49  Drone  
  15  0:56  Extractor  
  14  1:09  Spawning Pool  
  13  1:25  Drone x3  
  16  1:38  Overlord  
  16  1:57  Queen  
  16  1:59  Queen  
  20  2:05  Drone  
  21  2:29  Drone x3  
  24  2:32  Zergling x4  
  26  2:40  Metabolic Boost  
  26  2:42  Overlord  
  25  3:17  Drone  
  25  3:18  Drone x5  
  31  3:20  Drone x5  
  36  3:38  Overlord  
  36  3:39  Overlord  
  36  3:44  Overlord x2  
  36  4:00  Zergling x2  
  36  4:01  Zergling x12  
  42  4:08  Roach Warren  
  41  4:19  Overlord  
  41  4:38  Zergling x8  
  44  4:52  Queen  
  44  4:59  Queen  
  48  5:11  Roach x5  
  48  5:13  Overlord x2  
  53  5:48  Hatchery  
  53  5:49  Roach x4  
  62  5:50  Roach x3  
  66  6:08  Roach x5  
  60  6:30  Overlord x3  
  60  6:31  Zergling x2  
  60  6:32  Roach x3  
  61  6:54  Lair  
  61  7:09  Roach x4  
  61  7:10  Zergling x6  
  70  7:34  Hatchery  
  68  7:49  Spore Crawler  
  67  7:54  Spore Crawler  
  66  8:00  Drone x3  
  66  8:01  Drone x3  
  66  8:03  Drone x2  
  66  8:04  Zergling x6  
  77  8:05  Queen  
  77  8:07  Drone  
  77  8:08  Drone x3  
  83  8:18  Glial Reconstitution  
  83  8:25  Hydralisk Den  
  83  8:26  Drone x2  
  84  8:28  Drone x3  
  87  8:34  Spore Crawler  
  86  8:41  Queen  
  86  8:48  Queen  
  90  8:56  Hydralisk x2  
  90  8:57  Hydralisk  
  90  8:59  Overlord x5  
  96  9:25  Hydralisk  
  96  9:26  Hydralisk  
  98  9:39  Hydralisk  
  98  9:42  Roach  
  98  9:43  Overlord  
  102  9:57  Extractor  
  102  9:58  Extractor  
  100  10:01  Extractor  
  100  10:03  Hydralisk  
  101  10:09  Hatchery  
  98  10:37  Overlord x5  
  98  10:42  Extractor  
  97  10:43  Extractor  
  94  10:53  Muscular Augments  
  94  10:56  Overlord x2  
  70  11:25  Roach x3  
  67  11:26  Roach x3  
  73  11:40  Drone x3  
  73  11:41  Drone x2  
  73  11:42  Drone  
  73  11:43  Queen  
  73  11:44  Drone x3  
  84  11:49  Queen  
  84  11:51  Drone  
  84  11:52  Drone x3  
  84  11:53  Drone  
  91  11:58  Drone  
  92  12:15  Hydralisk  
  92  12:16  Hydralisk x2  
  96  12:33  Hydralisk  
  96  12:36  Hydralisk x4  
  106  12:43  Hydralisk x2  
  106  12:44  Hydralisk  
  108  12:51  Zergling x10  
  111  12:52  Zergling x2  
  114  13:16  Hydralisk Den  
Show
View Real Time Build Order
Export as new Build Order

xSlayer Protoss 

Build Orders:  

Get SALT Encoding   

  12  0:01  Probe (Chrono Boost)  
  13  0:12  Probe (Chrono Boost)  
  14  0:19  Pylon  
  14  0:23  Probe (Chrono Boost)  
  15  0:38  Probe (Chrono Boost)  
  16  0:44  Gateway  
  16  0:48  Probe (Chrono Boost)  
  17  0:51  Assimilator  
  17  0:59  Probe (Chrono Boost)  
  18  1:09  Probe (Chrono Boost)  
  19  1:12  Assimilator  
  19  1:17  Pylon  
  19  1:20  Probe (Chrono Boost)  
  20  1:30  Probe (Chrono Boost)  
  20  1:32  Cybernetics Core  
  21  1:39  Zealot (Chrono Boost)  
  23  1:41  Probe  
  24  1:51  Pylon  
  24  2:08  Stalker (Chrono Boost)  
  26  2:10  Warp Gate (Chrono Boost)  
  26  2:17  Stargate  
  26  2:20  Pylon  
  26  2:38  Gateway  
  26  2:41  Gateway  
  26  2:46  Stargate  
  26  2:50  Probe  
  27  3:07  Pylon  
  27  3:09  Mothership Core  
  29  3:15  Pylon  
  27  3:20  Gateway  
  27  3:34  Void Ray  
  31  4:13  Stalker  
  31  4:14  Stalker x2  
  37  4:24  Void Ray  
  37  4:30  Stalker  
  43  4:37  Zealot  
  43  4:38  Zealot x2  
  49  5:00  Zealot x3  
  55  5:12  Zealot  
  55  5:25  Zealot x3  
  59  5:44  Zealot  
  61  5:50  Stalker  
  61  5:55  Pylon  
  63  5:57  Pylon  
  63  6:15  Pylon  
  32  6:41  Zealot x4  
  32  6:46  Nexus  
  39  7:01  Void Ray  
  43  7:36  Zealot x3  
  49  7:45  Void Ray (Chrono Boost)  
  49  7:50  Probe  
  50  8:00  Stalker x3  
  50  8:02  Probe  
  50  8:05  Probe  
  58  8:14  Probe  
  59  8:32  Void Ray (Chrono Boost)  
  63  8:35  Zealot  
  65  8:56  Zealot x4  
  73  9:11  Probe  
  73  9:15  Assimilator  
  74  9:20  Assimilator  
  74  9:32  Void Ray (Chrono Boost)  
  74  9:34  Zealot x3  
  84  9:45  Stalker  
  86  9:49  Pylon  
  86  9:52  Pylon  
  82  10:29  Stalker x3  
  40  11:27  Zealot  
  40  11:28  Zealot x3  
  40  11:31  Void Ray (Chrono Boost)  
  44  11:45  Nexus  
  44  11:50  Zealot x3  
  48  11:56  Forge  
  48  12:00  Gateway  
  48  12:06  Mothership Core  
  44  12:20  Zealot x4  
  52  12:34  Probe  
  52  12:35  Probe  
  54  12:44  Nexus  
  54  12:45  Probe  
  54  12:48  Probe  
  56  12:57  Pylon  
  56  13:00  Zealot x4  
  56  13:04  Pylon  
  45  13:29  Zealot  
Tags
 
Add a new tag
Caveats
  • Supply blocks, unpowered buildings, or Contaminate may cause inaccurate times.
  • Supply counts are checked every 10 seconds.